 Dungeon Crawl Stone Soup version 0.21-a0-404-g291f19a (webtiles) character file.

491 karf the Firebug (level 6, -2/45 HPs)
             Began as a Draconian Fire Elementalist on Oct 31, 2017.
             Shot with an arrow by a centaur (12 damage)
             ... on level 5 of the Dungeon.
             The game lasted 00:19:24 (5995 turns).

karf the Firebug (Draconian Fire Elementalist)      Turns: 5995, Time: 00:19:25

Health: -2/45      AC: 10    Str: 10    XL:     6   Next: 91%
Magic:  4/10       EV: 13    Int: 18    God:
Gold:   105        SH:  0    Dex: 11    Spells: 8/11 levels left

rFire    . . .     SeeInvis .   u - +1 dagger (speed)
rCold    . . .     Gourm    +   (no shield)
rNeg     . . .     Faith    .   (armour unavailable)
rPois    .         Spirit   .   (helmet restricted)
rElec    .         Reflect  .   (no cloak)
rCorr    .         Harm     .   (no gloves)
MR       +....                  (no boots)
Stlth    ++........             s - amulet of the gourmand
HPRegen  0.15/turn              c - ring of protection from magic
MPRegen  0.12/turn              y - +4 ring of protection

@: no status effects
A: unfitting armour, cold-blooded, AC +6
a: no special abilities


You were on level 5 of the Dungeon.
You were full.

You visited 1 branch of the dungeon, and saw 5 of its levels.

You collected 105 gold pieces.

Inventory:

Hand Weapons
 u - a +1 dagger of speed (weapon)
Armour
 h - a +0 shield
Jewellery
 c - a ring of protection from magic (left hand)
 i - an uncursed ring of stealth
 s - an amulet of the gourmand (around neck)
 y - a +4 ring of protection (right hand)
 z - an uncursed ring of poison resistance {unknown}
Scrolls
 f - a scroll of amnesia
 g - 2 scrolls of blinking {unknown}
 l - a scroll of fog {unknown}
 m - 4 scrolls of identify {unknown}
 n - 2 scrolls of fear {unknown}
 o - 2 scrolls of random uselessness {unknown}
 v - a scroll of enchant armour {unknown}
 w - a scroll of teleportation {unknown}
 x - a scroll of recharging {unknown}
 A - a scroll of remove curse
Potions
 d - 2 potions of haste {unknown}
 e - 2 potions of flight {unknown}
 j - a potion of agility {unknown}
 k - a potion of berserk rage {unknown}
 r - 2 potions of curing {unknown}
 t - 4 potions of heal wounds {unknown}
Books
 a - a book of Flames

   Spells                             Type                      Level
   a - Flame Tongue                   Conjuration/Fire             1
   b - Throw Flame                    Conjuration/Fire             2
   c - Conjure Flame                  Conjuration/Fire             3
   d - Inner Flame                    Hexes/Fire                   3
   e - Sticky Flame                   Conjuration/Fire             4
   f - Fireball                       Conjuration/Fire             5
 B - a book of Misfortune

   Spells                             Type                      Level
   a - Confusing Touch                Hexes                        1
   b - Confuse                        Hexes                        3
   c - Gell's Gravitas                Translocation                3
   d - Petrify                        Transmutation/Earth          4
   e - Metabolic Englaciation         Hexes/Ice                    5
   f - Yara's Violent Unravelling     Hexes/Transmutation          5
Comestibles
 b - 4 bread rations
 p - a royal jelly
 q - 4 fruits


   Skills:
 * Level 2.6 Short Blades
 - Level 3.0 Dodging
 - Level 1.7 Stealth
 + Level 2.4 Shields
 - Level 3.0 Spellcasting
 + Level 2.9 Conjurations
 + Level 4.8 Fire Magic


You had 8 spell levels left.
You knew the following spells:

 Your Spells              Type           Power        Failure   Level  Hunger
a - Flame Tongue          Conj/Fire      ###..        3%          1    None
b - Throw Flame           Conj/Fire      ###...       4%          2    ##.....


Dungeon Overview and Level Annotations

Branches:
Dungeon (5/15)
 Temple: D:4-7

Altars:
Gozag
Nemelex Xobeh
Trog
Uskayaw
The Shining One

Shops:
D:4 %

Annotations:
D:5 Eustachio


Innate Abilities, Weirdness & Mutations

Your plain brown scales are hard. (AC +6)
You cannot fit into any form of body armour.
You are cold-blooded and may be slowed by cold attacks.


Message History

Casting: Throw Flame
Confirm with . or Enter, or press ? or * to list all spells.
Aiming: Throw Flame
Press: ? - help, Shift-Dir - straight line, f/p - centaur
Aim: a centaur, wielding a shortbow (moderately wounded)
The puff of flame hits the centaur.
The centaur is severely wounded.
The centaur shoots an arrow.
The arrow hits you!
The centaur shoots an arrow.
The arrow hits you!
You see here an arrow.
The centaur shoots an arrow.
The arrow hits you!
Found a golden potion.
Eustachio the Magnificent comes into view.
He is wielding a rapier.
You see here an arrow.
The centaur shoots an arrow.
The arrow hits you but does no damage.
You see here an arrow.
The centaur shoots an arrow.
The arrow hits you.
* * * LOW HITPOINT WARNING * * *
The centaur shoots an arrow.
The arrow hits you!
You die...

#.# #.... #.# #.@..
#.# #.... ..# #... #.#
#..# #.########.c#
#.##.....#..# #
#<##.###.#.(##.####
#........@((.......
##.#.##.###...(##.####
........#####.## !.
..............# ##
###.#.########## #....
#####


You could see Eustachio and a centaur.

Vanquished Creatures
  The ghost of darxusza the Changer, an amateur DgTm (D:3)
  A scorpion (D:3)
  A hound (D:4)
  2 orc wizards (D:3)
  4 worker ants
  Robin (D:3)
  3 adders (D:2)
  2 oozes
  An adder skeleton (D:5)
  4 worms
  2 dart slugs (D:1)
  2 leopard geckos
  8 orcs
  5 giant cockroaches
  18 goblins
  12 hobgoblins
  12 jackals
  4 kobolds
  A ball python (D:4)
  10 bats
  3 frilled lizards
  5 rats
102 creatures vanquished.

Notes
Turn   | Place    | Note
-------+----------+-------------------------------------------
     0 | D:1      | karf the Draconian Fire Elementalist began the quest for the Orb.
     0 | D:1      | Reached XP level 1. HP: 14/14 MP: 3/3
   353 | D:1      | Reached XP level 2. HP: 15/20 MP: 0/5
  1231 | D:2      | Reached XP level 3. HP: 17/26 MP: 3/6
  1615 | D:2      | Learned a level 2 spell: Throw Flame
  2194 | D:2      | Reached XP level 4. HP: 28/33 MP: 2/7
  2365 | D:2      | Found a glowing golden altar of the Shining One.
  2550 | D:2      | Reached skill level 1 in Shields
  2724 | D:3      | Noticed Robin
  2895 | D:3      | Reached skill level 4 in Fire Magic
  3053 | D:3      | Reached XP level 5. HP: 23/38 MP: 8/8
  3089 | D:3      | Found an opulent altar of Gozag.
  3194 | D:3      | Killed Robin
  3542 | D:3      | Found a bloodstained altar of Trog.
  3924 | D:3      | Noticed darxusza's ghost (amateur DgTm)
  3964 | D:3      | Killed darxusza's ghost
  3964 | D:3      | Reached skill level 1 in Short Blades
  4264 | D:3      | Found a sparkling altar of Nemelex Xobeh.
  4322 | D:3      | Reached XP level 6. HP: 21/45 MP: 0/10
  4568 | D:3      | Found a hide-covered altar of Uskayaw.
  4570 | D:3      | Noticed a hand axe
  4570 | D:3      | Noticed a dagger
  5232 | D:4      | Found Gisovai's Food Shop.
  5907 | D:5      | Entered Level 5 of the Dungeon
  5994 | D:5      | Noticed Eustachio
  5995 | D:5      | Shot with an arrow by a centaur

Vault maps used:
D:1:      sevenhm_arrival_forest_fort_small_4
D:2:      lemuel_coloured_pillars_altar
D:3:      dancing_weapons_uskayaw, nemelex_xobeh_ov_fountains_minmay,
          old_standard_altar, bloody_trog, uniq_robin
D:4:      serial_shops, shop_fountains
D:5:      first_bread, minmay_misc_feat_ornament, corexii_shack, uniq_eustachio

Skill      XL: |  1  2  3  4  5  6 |
---------------+-------------------+-----
Dodging        | 2 3 |  3.0
Shields        | 1 2 |  2.4
Fire Magic     | 4 |  4.8
Conjurations   | 2 |  2.9
Short Blades   | 1 2 |  2.6
Spellcasting   | 3 |  3.0
Stealth        | |  1.7

Action                   |  1- 3 |  4- 6 || total
-------------------------+-------+-------++-------
Melee: Short sword       |     9 |       ||     9
       Unarmed           |     3 |       ||     3
       Tailslap          |     6 |    28 ||    34
       Dagger            |    42 |   252 ||   294
 Cast: Flame Tongue      |    51 |    24 ||    75
       Throw Flame       |    16 |    97 ||   113
  Use: Scroll            |       |     3 ||     3
 Stab: Sleeping          |     1 |     1 ||     2
  Eat: Chunk             |     5 |    15 ||    20
       Bread ration      |       |     2 ||     2
Armor: Skin              |    31 |    51 ||    82
Dodge: Dodged            |    49 |   104 ||   153

Table legend:
 A = Spawn XP
 B = Non-spawn XP
 C = Spawn XP percentage of total XP
 D = Spawn monster count
 E = Non-spawn monster count
 F = Spawn count percentage of total count
 G = Total turns spent on level
                    A         B        C        D         E        F      G
               +---------+---------+-------+---------+---------+-------+---------
         Total |       0 |     702 |   0.0 |       0 |     102 |   0.0 |  5995
               +---------+---------+-------+---------+---------+-------+---------
           D:1 |       0 |      33 |   0.0 |       0 |      17 |   0.0 |  1140
           D:2 |       0 |      92 |   0.0 |       0 |      28 |   0.0 |  2043
           D:3 |       0 |     404 |   0.0 |       0 |      45 |   0.0 |  1768
           D:4 |       0 |     168 |   0.0 |       0 |      11 |   0.0 |   956
           D:5 |       0 |       5 |   0.0 |       0 |       1 |   0.0 |    88
               +---------+---------+-------+---------+---------+-------+---------
